Map: Ephemeron LE

Players

Ratl

  • Race: Protoss Protoss
  • League: Silver
  • Spawn Location: 11:00

pasiagresivo - Winner!

  • Race: Protoss Protoss
  • League: Silver
  • Spawn Location: 5:00

VOD

Have the link to the VOD?

Description

Time

  • Played on: Jan. 16, 2020, 1:33 p.m.
  • Length: 9:04
Show
View Real Time Build Order
Export as new Build Order

Ratl Protoss 

Build Orders:  

Get SALT Encoding   

  12  0:01  Probe  
  13  0:13  Probe  
  14  0:18  Pylon  
  14  0:26  Probe  
  15  0:38  Probe  
  15  0:40  Gateway  
  16  0:50  Probe  
  17  1:01  Assimilator  
  17  1:03  Probe  
  18  1:11  Assimilator  
  18  1:15  Probe  
  18  1:17  Gateway  
  19  1:27  Probe  
  19  1:30  Cybernetics Core  
  20  1:36  Pylon  
  20  1:39  Probe  
  21  1:51  Probe  
  22  2:03  Probe  
  22  2:07  Warp Gate (Chrono Boost), Adept x2  
  27  2:15  Probe  
  28  2:27  Probe  
  29  2:30  Pylon  
  29  2:39  Probe  
  30  2:45  Nexus  
  30  2:51  Probe  
  31  3:03  Probe  
  32  3:06  Pylon  
  32  3:16  Probe  
  33  3:28  Probe  
  34  3:40  Probe  
  31  3:52  Probe  
  32  3:57  Probe  
  33  4:04  Probe  
  33  4:09  Probe  
  35  4:13  Stargate  
  35  4:14  Stargate  
  35  4:15  Gateway  
  33  4:17  Stalker  
  33  4:18  Stalker  
  32  4:24  Assimilator  
  32  4:41  Stalker x2  
  32  4:44  Probe (Chrono Boost)  
  37  4:54  Probe (Chrono Boost)  
  37  4:58  Probe (Chrono Boost)  
  39  5:00  Robotics Facility  
  39  5:03  Probe (Chrono Boost)  
  38  5:08  Probe (Chrono Boost)  
  38  5:13  Probe x2 (Chrono Boost)  
  28  5:23  Probe (Chrono Boost)  
  28  5:24  Probe (Chrono Boost)  
  30  5:34  Probe (Chrono Boost), Stalker  
  30  5:35  Probe (Chrono Boost), Stalker x2  
  38  5:41  Probe x2 (Chrono Boost)  
  40  5:43  Void Ray  
  40  5:49  Probe (Chrono Boost)  
  46  5:53  Probe (Chrono Boost)  
  46  5:54  Assimilator  
  46  5:58  Void Ray  
  46  5:59  Probe (Chrono Boost)  
  46  6:03  Probe (Chrono Boost)  
  52  6:05  Probe (Chrono Boost)  
  53  6:13  Probe (Chrono Boost)  
  55  6:21  Probe x2 (Chrono Boost)  
  56  6:27  Probe x2  
  56  6:31  Protoss Air Weapons Level 1 (Chrono Boost)  
  56  6:34  Stalker x3  
  51  6:57  Probe x2  
  53  7:02  Stalker x3  
  59  7:10  Probe x2 (Chrono Boost)  
  61  7:19  Probe (Chrono Boost)  
  62  7:32  Pylon  
  62  7:42  Probe (Chrono Boost)  
  62  7:44  Probe (Chrono Boost)  
  60  7:46  Pylon  
  60  7:47  Probe  
  60  7:50  Pylon  
  55  7:53  Probe  
  48  7:59  Probe  
  48  8:04  Stalker x2  
  48  8:05  Probe, Stalker  
  52  8:11  Probe, Void Ray  
  57  8:17  Probe  
  58  8:20  Warp Prism  
  58  8:25  Probe (Chrono Boost)  
  61  8:29  Probe (Chrono Boost)  
  62  8:39  Probe (Chrono Boost)  
  62  8:40  Probe (Chrono Boost)  
  41  8:58  Forge  
Show
View Real Time Build Order
Export as new Build Order

pasiagresivo Protoss - Winner!

Build Orders: Oracle Opening 

Get SALT Encoding   

  12  0:03  Probe (Chrono Boost)  
  13  0:13  Probe (Chrono Boost)  
  14  0:18  Pylon  
  14  0:21  Probe  
  15  0:36  Probe  
  15  0:42  Gateway  
  16  0:48  Probe  
  17  0:51  Assimilator  
  17  1:00  Probe  
  18  1:12  Probe  
  19  1:22  Assimilator  
  19  1:24  Probe  
  20  1:30  Cybernetics Core  
  20  1:36  Probe  
  21  1:40  Pylon  
  21  1:49  Probe  
  22  1:59  Zealot  
  24  2:07  Stargate  
  24  2:10  Pylon  
  24  2:15  Warp Gate  
  27  2:51  Oracle  
  27  2:53  Stalker  
  27  2:57  Gateway  
  29  3:08  Gateway  
  29  3:12  Gateway  
  29  3:14  Robotics Facility  
  29  3:16  Pylon  
  24  3:45  Oracle  
  27  3:53  Twilight Council  
  27  3:56  Pylon  
  27  4:02  Probe (Chrono Boost)  
  28  4:12  Probe (Chrono Boost)  
  28  4:17  Probe (Chrono Boost)  
  30  4:28  Probe  
  31  4:36  Warp Prism (Chrono Boost)  
  31  4:41  Charge  
  30  5:23  Zealot  
  30  5:24  Zealot x3  
  38  5:39  Gateway  
  38  5:41  Pylon  
  38  5:44  Dark Shrine  
  38  5:48  Pylon  
  38  5:53  Stalker  
  38  5:56  Stalker  
  42  6:05  Stalker  
  44  6:14  Stalker  
  38  6:53  Stalker x2  
  38  6:54  Stalker x2  
  32  7:31  Dark Templar  
  32  7:32  Dark Templar x2  
  38  7:39  Stalker  
  40  8:19  Nexus  
  40  8:22  Probe (Chrono Boost)  
  40  8:24  Pylon  
  41  8:32  Probe (Chrono Boost)  
  42  8:54  Stalker x2  
  42  8:55  Stalker x2  
Tags
 
Matchup
PvP
Spawn Locations
Cross Positions
Add a new tag
Caveats
  • Supply blocks, unpowered buildings, or Contaminate may cause inaccurate times.
  • Supply counts are checked every 10 seconds.